 Dungeon Crawl Stone Soup version 0.30.1-11-g7821555f0a (webtiles) character file.

Game seed: 1834675803920445739

28 safid the Chiller (level 3, -1/26 HPs)
             Began as a Merfolk Ice Elementalist on Nov 14, 2023.
             Slain by a cerulean imp
             ... wielding a +0 spear
             ... summoned by Natasha
              (4 damage)
             ... on level 2 of the Dungeon.
             The game lasted 00:00:48 (720 turns).

safid the Chiller (Merfolk Ice Elementalist)         Turns: 720, Time: 00:00:49

Health: -1/26      AC:  2    Str:  8    XL:     3   Next: 12%
Magic:  5/6        EV: 12    Int: 16    God:
Gold:   133        SH:  0    Dex: 14    Spells: 5/6 levels left

rFire   . . .        c - +0 short sword
rCold   . . .        (no shield)
rNeg    . . .        a - +0 robe
rPois   .            (no helmet)
rElec   .            (no cloak)
rCorr   .            (no gloves)
SInv    .            (no boots)
Will    .....        (no amulet)
Stlth   ++           (no ring)
HPRegen 0.24/turn    (no ring)
MPRegen 0.10/turn

%: no passive effects
@: no status effects
A: (nimble swimmer 2), mertail
a: no special abilities


You were on level 2 of the Dungeon.
You visited 1 branch of the dungeon, and saw 2 of its levels.

You collected 133 gold pieces.

Inventory:

Hand Weapons
 c - a +0 short sword (weapon)
Armour
 a - a +0 robe (worn)
Scrolls
 d - 2 scrolls of vulnerability {unknown}
 e - a scroll of fog {unknown}
 f - a scroll of immolation {unknown}
 g - 2 scrolls of teleportation {unknown}
 h - a scroll of enchant weapon {unknown}
 i - a scroll of identify {unknown}
Potions
 b - a potion of magic


   Skills:
 + Level 1.4 Fighting
 - Level 2.6 Dodging
 - Level 2.1 Stealth
 + Level 2.4 Spellcasting
 + Level 4.8 Ice Magic


You had 5 spell levels left.
You knew the following spells:

 Your Spells              Type           Power      Damage    Failure   Level
a - Freeze                Ice            68%        1d8       2%          1

Your spell library contained the following spells:

 Spells                   Type           Power      Damage    Failure   Level
 Frozen Ramparts          Ice            34%        1d6       9%          3
 Ozocubu's Armour         Ice            17%        N/A       9%          3
 Summon Ice Beast         Ice/Summ       9%         N/A       58%         4


Dungeon Overview and Level Annotations

Branches:
Dungeon (2/15)

Altars:

Annotations:
D:2 Natasha


Innate Abilities, Weirdness & Mutations

((You are very nimble when in or above water. (Stealth+, EV+, Speed+++)))
Your lower body shifts to a powerful aquatic tail in water.


Message History

You hit the cerulean imp.
The cerulean imp is severely wounded.
The cerulean imp barely misses you.
You closely miss the cerulean imp.
The cerulean imp is severely wounded.
The cerulean imp completely misses you.
You hit the cerulean imp.
The cerulean imp is almost dead.
The cerulean imp hits you with a +1 spear.
You closely miss the cerulean imp.
The cerulean imp is almost dead.
The cerulean imp misses you.
You miss the cerulean imp.
The cerulean imp is almost dead.
The cerulean imp hits you with a +1 spear.
You closely miss the cerulean imp.
The cerulean imp is almost dead.
Natasha casts a spell.
The cerulean imp hits you with a +1 spear.
You barely miss the cerulean imp.
The cerulean imp is almost dead.
Natasha casts a spell.
The cerulean imp hits you with a +1 spear.
You miss the cerulean imp.
The cerulean imp is almost dead.
The cerulean imp hits you from afar with a +1 spear.
* * * LOW HITPOINT WARNING * * *
The cerulean imp hits you with a +1 spear.
* * * LOW HITPOINT WARNING * * *
Unknown command.
Casting: Freeze (safe; 2% risk of failure)
Confirm with . or Enter, or press ? or * to list all spells.
Aiming: Freeze (safe; 2% risk of failure)
Press: ? - help, Shift-Dir - straight line, f/p - cerulean imp
Aim: a cerulean imp, wielding a +1 spear (almost dead, summoned)
You freeze the cerulean imp.
You kill the cerulean imp!
The cerulean imp disappears in a puff of smoke!
The cerulean imp hits you from afar with a +0 spear.
You die...

#.......#
#..###.##.......#
#..###.##.......#
#...##.##.....?.#
#.#.##.# .......
#.#.##.# .....
#......# 5.5
###.#### #h#
#.########@#
#.#......#.#
#.#........#######
#.#..###.#........
#.#..#.....#######
#......#.###
###..###.#
#........
#######..


You could see Natasha and 2 cerulean imps.

Vanquished Creatures
  An adder (D:2)
  A dart slug (D:1)
  3 endoplasms (D:1)
  2 giant cockroaches (D:1)
  A goblin (D:1)
  A hobgoblin (D:1)
  2 ball pythons (D:1)
  A bat (D:1)
  2 kobolds (D:1)
  2 rats (D:1)
16 creatures vanquished.

Notes
Turn   | Place    | Note
-------+----------+-------------------------------------------
     0 | D:1      | safid the Merfolk Ice Elementalist began the quest for the
                  | Orb.
     0 | D:1      | Reached XP level 1. HP: 13/13 MP: 3/3
   155 | D:1      | Reached XP level 2. HP: 9/20 MP: 1/5
   221 | D:1      | Reached skill level 1 in Fighting
   674 | D:2      | Reached XP level 3. HP: 22/26 MP: 3/6
   706 | D:2      | Noticed Natasha
   720 | D:2      | Slain by a cerulean imp

Illustrated notes

Levels and vault maps discovered:
D:1:      lightli_arrival_boilingwater, layout_basic
D:2:      layout_loops_cross, uniq_natasha

Skill      XL: |  1  2 |
---------------+-------+-----
Fighting       | 1 |  1.4
Dodging        | |  2.6
Stealth        | |  2.1
Spellcasting   | |  2.4
Ice Magic      | |  4.8

Action                     || total
---------------------------++-------
  Melee: Short sword       ||    27
   Cast: Freeze            ||    21
   Stab: Sleeping          ||     1
 Armour: Robe              ||     5
  Dodge: Dodged            ||    29
